Cogmind - Beta 14 @@@ ROGUE MODE // 2025.04.27 @ 00:09:52 Player: Zaros426 Result: Destroyed by AG-86612 with Assembled Focal Cannon Performance ------------- Evolutions (3) 1500 Regions Visited (17) 3400 Robots Destroyed (319) 1595 Value Destroyed (9205) 9205 Prototype IDs (62) 1240 Alien Tech Used (0) 0 Bonus (4312) 4312 TOTAL SCORE: 21252 Bonus ------- High Alert Combat Kills 1263 Follower Combat Kills 22 Entered Garrisons 600 Aligned with FarCom 300 Met Imprinter 300 Destroyed Z-Imprinter 1000 Triggered Deep Caves Wall 500 Exposed GOLEM Chamber 500 Acquired ECA 300 Friendly Fire -473 Cogmind --------- Core Integrity 0/700 Matter 107/300 Energy 35/100 System Corruption 4% Temperature Cool (72) Movement Core (200) Ox3 Location -7/Deep Caves Parts ------- > --- POWER (2) -------- Zionite Light DM Reactor > --- PROPULSION (3) --- (None) > --- UTILITY (5) ------ Makeshift Hacking Suite > --- WEAPON (3) ------- (None) > --- INVENTORY (5) ---- Seismic Detector Transmission Jammer Bore Cannon CPS Tube (2) Peak State ------------ > --- POWER ------------ Zionite Light DM Reactor Zionite Light DM Reactor > --- PROPULSION ------- Zionite Glidesys I Zionite Glidesys II Zionite Glidesys II > --- UTILITY ---------- Huge Storage Unit 8R-AWN's Armor/EX > --- WEAPON ----------- Zionite Laser-M Cooled Particle Cannon Bore Cannon > --- INVENTORY -------- Cryofiber Web Experimental Heat Sink Experimental Heat Sink Zionite Biocell High-capacity Matter Pod Zionite Metafield Generator Seismic Detector Encrypted Comm Array Advanced Weapon Cycler Transmission Jammer Advanced ECM Suite Hardlight Generator Improved Shield Generator Improved Shield Generator Makeshift Hacking Suite Makeshift Hacking Suite Makeshift Hacking Suite Makeshift Hacking Suite Makeshift Hacking Suite Hacking Drone Bay Improved EM Pulse Cannon KE Penetrator Plasma Cutter CPS Tube Ripper [Rating: 98] Favorites ----------- Power Neutrino Core Engine Improved Ion Engine Power Core Neutrino Core Reactor Zionite Light DM Reactor Propulsion Light Treads Treads Light Treads Leg Zionite Composite Leg I Wheel Armored Wheel Hover Unit Zionite Glidesys I Utility Hacking Suite Device Cryofiber Web Storage Huge Storage Unit Processor Core Analyzer Hackware Hacking Suite Protection Medium Reactive Plating Weapon Improved EM Pulse Cannon Energy Gun Heavy EM Pulse Gun Energy Cannon Improved EM Pulse Cannon Ballistic Gun Autogun Ballistic Cannon Bore Cannon Launcher Rocket Launcher Special Weapon Plasma Cutter Impact Weapon Mace Slashing Weapon Longsword +1 Special Melee Weapon Datajack Build | -11 -10 -10 -9 -9 -9 -8 -8 -8 -8 -8 -8 -8 -7 -7 -7 -7 -7 ------- Run | Yrd Mat Min Mat Min Exi Min Mat Gar Mat Gar Mat Gar Fac Low Low Zio Dee Slots Evolved 6 | . . . 2 . . . 2 . . . . . 2 . . . . Power 1 | . . . . . . . . . . . . . 1 . . . . Propulsion 1 | . . . 1 . . . . . . . . . . . . . . Utility 3 | . . . 1 . . . 1 . . . . . 1 . . . . Weapon 1 | . . . . . . . 1 . . . . . . . . . . Parts Attached 295 | 6 8 5 60 5 15 2 18 7 16 5 12 12 6 16 17 18 67 Power 23 | 1 2 . 3 . 1 . . 1 1 . 1 2 1 2 4 . 4 Engine 13 | 1 2 . 2 . . . . 1 1 . 1 1 1 2 1 . . Core 6 | . . . 1 . 1 . . . . . . 1 . . 3 . . Reactor 4 | . . . . . . . . . . . . . . . . . 4 Propulsion 89 | 2 . 2 16 1 5 . 6 3 7 4 8 5 . 3 4 . 23 Treads 65 | 2 . 2 16 1 4 . 6 3 7 . 8 2 . 3 4 . 7 Leg 2 | . . . . . 1 . . . . . . . . . . . 1 Wheel 7 | . . . . . . . . . . 4 . 3 . . . . . Hover 15 | . . . . . . . . . . . . . . . . . 15 Flight . | . . . . . . . . . . . . . . . . . . Utility 88 | 1 3 . 12 2 4 . 6 . 2 . 1 2 3 8 5 14 25 Device 36 | . . . 3 1 3 . 3 . 1 . 1 . 1 3 2 6 12 Storage 9 | 1 1 . 2 . . . . . 1 . . . . . . 1 3 Processor 2 | . . . . . . . . . . . . . . . . . 2 Hackware 7 | . 1 . 1 . . . 2 . . . . . 2 . . . 1 Protection 34 | . 1 . 6 1 1 . 1 . . . . 2 . 5 3 7 7 Artifact . | . . . . . . . . . . . . . . . . . . Weapon 95 | 2 3 3 29 2 5 2 6 3 6 1 2 3 2 3 4 4 15 Energy Gun 22 | 1 1 . 11 . . . 2 . . 1 . . . . . . 6 Energy Cannon 13 | . . . 2 . . . . . 1 . . . 1 3 2 2 2 Ballistic Gun 27 | 1 2 3 5 2 . 2 4 2 2 . . 1 . . . 1 2 Ballistic Cannon 2 | . . . . . . . . . . . . . . . . . 2 Launcher 8 | . . . 5 . 1 . . . 1 . . . . . . . 1 Special Weapon 2 | . . . 1 . 1 . . . . . . . . . . . . Impact Weapon 6 | . . . 4 . 2 . . . . . . . . . . . . Slashing Weapon 14 | . . . . . 1 . . 1 2 . 2 2 1 . 2 1 2 Piercing Weapon . | . . . . . . . . . . . . . . . . . . Special Melee Weapon 1 | . . . 1 . . . . . . . . . . . . . . Unidentified Prototypes 23 | . 1 . 1 . 3 . 2 . . . . . . 1 . 3 12 Corrupted Parts 1 | . . . . . . . . . . . . . . . . . 1 System Corruption 2 | . . . . . . . . . . . . . . . . . 2 Parts Lost 47 | . . 1 5 1 1 . . 3 2 1 2 2 . 5 . . 24 Power 8 | . . . 1 . . . . 1 . . . 1 . 2 . . 3 Propulsion 16 | . . . . 1 1 . . . 1 . 1 1 . 2 . . 9 Utility 8 | . . . 1 . . . . . 1 . . . . . . . 6 Weapon 15 | . . 1 3 . . . . 2 . 1 1 . . 1 . . 6 Highest Loss Streak 10 | . . 1 1 1 1 . . 2 1 1 2 1 . 5 . . 10 To Critical Strikes 1 | . . . . . 1 . . . . . . . . . . . . Average Slot Usage (%) 96 | . 98 100 98 99 99 100 98 92 90 99 97 98 93 93 99 98 81 Engine 5 | . 14 14 7 . . . . 7 9 9 9 3 10 9 6 . . Core 4 | . . . 3 11 11 11 9 1 . . . 4 . . 8 15 1 Treads 24 | . 28 28 33 32 33 33 26 27 27 22 24 10 . 18 22 23 4 Wheel 1 | . . . . . . . . . . 4 2 16 23 4 . . . Hover 1 | . . . . . . . . . . . . . . . . . 14 Device 6 | . . . 1 8 9 11 4 . . 9 9 2 4 7 15 15 12 Storage 9 | . 14 14 11 11 11 11 9 9 9 9 9 9 7 7 7 9 6 Hackware 12 | . 11 14 14 11 11 11 15 27 26 18 18 18 22 15 7 3 . Protection 3 | . 1 . 4 2 . . 6 . . . . 6 1 6 6 6 5 Energy Gun 2 | . . . 10 . . . . . . 5 6 . . . . . 6 Energy Cannon 6 | . . . 1 . . . . . . 3 . . . 18 20 22 5 Ballistic Gun 9 | . 27 28 8 22 . 11 26 13 8 9 4 . . . . . 1 Slashing Weapon 4 | . . . . . 7 5 . 7 9 9 12 26 22 4 2 . 4 Peak Build Rating 98 | 6 14 15 30 30 37 34 38 50 53 44 48 48 50 66 65 83 98 Average Rating 42 | 5 12 14 21 29 33 31 36 46 50 41 45 46 48 51 60 64 76 On Entrance 36 | . 6 14 15 30 30 33 30 38 50 41 43 48 46 50 56 65 63 Naked Turns . | . . . . . . . . . . . . . . . . . . Heaviest Build 155 | 14 91 91 100 98 97 95 106 100 106 106 104 103 106 120 150 155 150 Greatest Support 76 | 40 40 40 60 60 63 60 60 60 63 60 66 64 36 64 76 76 76 Greatest Overweight (x) 8 | 1 2 2 1 1 1 1 2 1 1 2 2 2 2 3 3 2 8 Average Overweight (x) 1 | . 1 2 1 1 1 1 1 1 1 1 1 1 2 1 1 1 2 Largest Inventory Capacity 25 | 8 25 25 25 25 25 25 25 25 25 25 25 25 25 25 25 25 25 Average Capacity 24 | 7 21 25 25 25 25 25 25 25 25 25 25 25 25 25 25 25 24 Most Carried 25 | 3 24 25 25 25 25 25 25 25 25 25 25 25 25 25 25 25 25 Average Carried 23 | 1 14 24 23 24 24 24 24 24 24 24 24 24 24 24 24 24 21 Final Capacity 25 | 8 25 25 25 25 25 25 25 25 25 25 25 25 25 25 25 25 5 Final Carried 25 | 2 23 25 25 25 25 25 25 25 25 25 25 25 25 25 25 25 4 Class Distribution -------------------- 28% | Mutant 20% | Hacker-Mutant 20% | Scavenger-Mutant 14% | Scavenger-Tank 9% | Tank 4% | Hacker-Tank Dominant Class ---------------- Mutant | -10/Materials Scavenger-Mutant | -10/Mines Scavenger-Mutant | -9/Materials Mutant | -9/Mines Mutant | -9/Exiles Mutant | -8/Mines Hacker-Tank | -8/Materials Hacker-Mutant | -8/Garrison Hacker-Mutant | -8/Materials Scavenger-Mutant | -8/Garrison Hacker-Mutant | -8/Materials Hacker-Mutant | -8/Garrison Hacker-Mutant | -7/Factory Tank | -7/Lower Caves Tank | -7/Lower Caves Scavenger-Tank | -7/Zion Scavenger-Mutant | -7/Deep Caves Resources | -11 -10 -10 -9 -9 -9 -8 -8 -8 -8 -8 -8 -8 -7 -7 -7 -7 -7 ----------- Run | Yrd Mat Min Mat Min Exi Min Mat Gar Mat Gar Mat Gar Fac Low Low Zio Dee Matter Collected 6512 | 296 762 233 1263 306 93 172 1043 511 263 80 152 162 50 165 150 190 621 Remotely . | . . . . . . . . . . . . . . . . . . Salvage Created 13156 | 186 788 280 2781 281 105 295 1351 1071 1942 778 562 890 560 425 318 . 543 Parts 763 | 11 55 19 164 19 4 23 76 67 115 38 29 51 29 10 20 . 33 Haulers Intercepted 13 | . 1 . 6 . . . 4 . 1 . . . 1 . . . . Recyclers Shooed 11 | . 3 . 3 . . . 3 . 1 . . . 1 . . . . Parts Field Recycled . | . . . . . . . . . . . . . . . . . . Retrieved Matter . | . . . . . . . . . . . . . . . . . . Parts Self-Destructed 24 | . . . . . . . . . . . . . . 12 12 . . Prevented 6 | . . . . . . . . . . . . . . . 6 . . Kills | -11 -10 -10 -9 -9 -9 -8 -8 -8 -8 -8 -8 -8 -7 -7 -7 -7 -7 ------- Run | Yrd Mat Min Mat Min Exi Min Mat Gar Mat Gar Mat Gar Fac Low Low Zio Dee Combat Hostiles Destroyed 247 | . 13 4 54 7 8 10 13 31 29 16 9 22 5 7 6 . 13 Melee 70 | . . . . . 1 10 . 2 3 11 9 20 5 7 . . 2 Guns 138 | . 13 4 36 7 . . 13 29 26 3 . 2 . . . . 5 Cannons 14 | . . . 4 . . . . . . 1 . . . . 6 . 3 AOE 23 | . . . 12 . 7 . . . . 1 . . . . . . 3 Classes Destroyed 22 | 2 8 1 3 . 1 . . 2 . 1 . 2 . 1 . . 1 Worker 16 | . 4 2 1 1 . 1 2 . 5 . . . . . . . . Builder 11 | . 1 . 5 . . 1 . . 2 . 1 . 1 . . . . Tunneler 8 | 5 . . . 1 . 1 1 . . . . . . . . . . Hauler 13 | . 1 . 6 . . . 4 . 1 . . . 1 . . . . Recycler 14 | 1 1 1 4 . . . 3 . 3 . . . 1 . . . . Mechanic 1 | . . . 1 . . . . . . . . . . . . . . Operator 10 | . 2 . 1 . . . 2 . 2 . . . 3 . . . . Watcher 19 | . 3 . 5 . . . 4 . 4 . 2 . 1 . . . . Swarmer 56 | . 3 . 12 3 . 7 . 14 2 7 . 5 . . 3 . . Grunt 107 | . 9 2 32 3 . 3 6 9 17 3 7 10 3 3 . . . Brawler 3 | . . . . . . . . . . . . 1 . 1 1 . . Duelist 5 | . . . 1 1 . . . . 1 . . . . 2 . . . Protector 2 | . . . 2 . . . . . . . . . . . . . . Sentry 37 | . . 2 7 . . . 7 3 9 4 1 2 1 . 1 . . Demolisher 1 | . . . . . . . . . . . . 1 . . . . . Specialist 1 | . . . . . . . . 1 . . . . . . . . . Hunter 7 | . . . . . . . . . . 2 1 2 1 . 1 . . Programmer 7 | . . . . . . . . 4 . . . 1 . 1 1 . . Subdweller 1 | . 1 . . . . . . . . . . . . . . . . Z-Technician 5 | . . . . . . . . . . . . . . . . . 5 Z-Light 7 | . . . . . . . . . . . . . . . . . 7 Samaritan 1 | . . . . . . . . . . . . . . 1 . . . Assembled 12 | . . . . . 7 . . . . . . . . . . . 5 Best Kill Streak 14 | 3 4 2 10 2 7 3 5 14 6 5 6 5 5 6 3 . 5 Combat Bots Only 14 | . 3 2 9 2 7 3 5 14 5 5 6 5 5 6 3 . 5 Max Kills in Single Turn 4 | 1 1 2 4 2 3 2 2 2 1 1 1 1 1 1 1 . 2 Gunslinging 1 | . . 1 1 1 . . . 1 . . . . . . . . . Exploded 4 | . . . 4 . 3 . . . . 1 . . . . . . 2 Melee 2 | . . . . . 1 2 . 1 1 1 1 1 1 1 . . 1 Uniques/NPCs Destroyed 2 | . . . . . 1 . . . . . . . . . . . 1 8R-AWN (-9/Exiles) Z-Imprinter (-7/Deep Caves) Combat | -11 -10 -10 -9 -9 -9 -8 -8 -8 -8 -8 -8 -8 -7 -7 -7 -7 -7 -------- Run | Yrd Mat Min Mat Min Exi Min Mat Gar Mat Gar Mat Gar Fac Low Low Zio Dee Hostile Shots Fired 1137 | . 52 26 223 20 40 27 51 128 39 83 51 114 59 40 14 . 170 Missed 289 | . 10 8 61 5 8 7 13 42 9 19 13 28 16 11 7 . 32 Damage Taken 12402 | . 475 267 2002 191 608 113 483 988 571 506 413 860 323 627 81 . 3894 Core 1550 | . 140 46 239 11 . 22 15 83 75 39 43 132 73 123 12 . 497 Absorbed by Shields 1092 | . . . . . . 49 116 137 4 242 148 184 76 . . . 136 Redirected to Shielding 9 | . . . . . . . . . . . . . . . . . 9 Ignored by Resistances 40 | . . . . . . . . . . . . . . . 40 . . Regen/Repaired (Parts) 1391 | . . . . . . . 365 . . . . . . . . 1026 . Core Remaining (%) 46 | 100 . 25 . . . 32 . . . . . 29 . . . . . Volleys Fired 489 | 12 72 17 174 18 4 . 73 38 . 10 . 4 . 1 8 4 54 Largest 3 | 2 2 2 2 2 1 . 3 3 . 2 . 1 . 3 3 1 3 Hottest 228 | 60 46 46 101 50 33 . 75 75 . 86 . 25 . 168 228 90 223 Shots Fired 1186 | 24 144 34 341 37 4 . 218 142 88 17 . 4 . 3 24 4 102 Gun 1079 | 24 144 34 308 37 . . 218 142 88 10 . 4 . . . . 70 Cannon 90 | . . . 24 . . . . . . 7 . . . 3 24 4 28 Launcher 15 | . . . 7 . 4 . . . . . . . . . . . 4 Special 2 | . . . 2 . . . . . . . . . . . . . . Kinetic 862 | 12 144 34 150 37 . . 218 142 88 10 . 4 . . . . 23 Thermal 118 | . . . 34 . . . . . . . . . . 1 8 4 71 Explosive 15 | . . . 7 . 4 . . . . . . . . . . . 4 Electromagnetic 190 | 12 . . 150 . . . . . . 7 . . . 2 16 . 3 Phasic 1 | . . . . . . . . . . . . . . . . . 1 Robot Hit Streak 17 | 7 13 10 14 8 1 . 16 17 14 17 . 7 . 3 5 . 11 Robot Miss Streak 6 | 2 5 2 6 2 2 . 5 3 1 2 . 2 . . 3 . 4 Penetration Max . | . . . . . . . . . . . . . . . . . . Secondary Targets 22 | . 2 1 5 1 . . 3 10 . . . . . . . . . Max Gunslinging Chain 2 | . 1 1 1 1 . . 1 2 . . . . . . . . . Autonomous 119 | . . . . . . . . 30 89 . . . . . . . . Shots Hit Robots 970 | 15 86 24 204 23 20 13 144 112 98 48 27 42 32 21 10 . 51 Core Hits 420 | 7 33 9 85 11 17 7 50 42 49 22 12 21 13 10 8 . 24 Critical Kills 2 | . . . 1 . . . 1 . . . . . . . . . . Critical Parts Destroyed 7 | . 1 . . 1 1 . 2 2 . . . . . . . . . Critical Strikes 40 | . 1 . 3 1 2 . 3 5 3 3 5 6 4 4 . . . Destroy 9 | . 1 . 1 1 . . 3 3 . . . . . . . . . Corrupt 3 | . . . 2 . . . . . . . . . . 1 . . . Smash 1 | . . . . . 1 . . . . . . . . . . . . Sever 27 | . . . . . 1 . . 2 3 3 5 6 4 3 . . . Melee Attacks 340 | . . . 13 . 21 16 . 31 30 43 29 63 45 22 19 . 8 Impact 19 | . . . 13 . 4 2 . . . . . . . . . . . Slashing 321 | . . . . . 17 14 . 31 30 43 29 63 45 22 19 . 8 Piercing . | . . . . . . . . . . . . . . . . . . Sneak Attacks 33 | . . . 4 . 1 3 . . 12 . 1 . 6 . . . 6 Combat Hostiles . | . . . . . . . . . . . . . . . . . . Follow-up Attacks 21 | . . . . . 3 1 . . . . 1 5 6 5 . . . Damage Inflicted 29650 | 185 1295 378 4696 411 1247 775 2666 2787 4224 2298 1315 1895 1750 783 343 . 2602 Guns 13411 | 185 1292 378 3039 411 . . 2666 2168 2342 121 . 32 . . . . 777 Cannons 1356 | . . . 266 . . . . . . 152 . . . 58 343 . 537 Explosions 2409 | . . . 940 . 439 . . . 114 164 . . . . . . 752 Melee 12365 | . . . 427 . 808 740 . 612 1768 1835 1315 1849 1750 725 . . 536 Ramming 85 | . 3 . . . . 35 . 7 . 26 . 14 . . . . . Kinetic 11250 | 116 1292 378 1461 411 . . 2666 2168 2342 121 . 32 . . . . 263 Thermal 1915 | . . . 631 . . . . . . 164 . . . . 176 . 944 Explosive 1975 | . . . 670 . 439 . . . 114 . . . . . . . 752 Electromagnetic 2027 | 69 . . 1507 . . . . . . 152 . . . 58 167 . 74 Impact 569 | . . . 427 . 98 44 . . . . . . . . . . . Slashing 11796 | . . . . . 710 696 . 612 1768 1835 1315 1849 1750 725 . . 536 Piercing . | . . . . . . . . . . . . . . . . . . Phasic 33 | . . . . . . . . . . . . . . . . . 33 Highest Corruption 5 | . . . 2 2 2 2 . 3 3 3 5 5 . . . . 4 Average Corruption 2 | . . . 2 2 2 2 . 2 3 3 4 5 . . . . 2 Corruption Purged . | . . . . . . . . . . . . . . . . . . Corruption Blocked . | . . . . . . . . . . . . . . . . . . Effects 203 | . . . 16 21 11 20 . 24 32 14 8 19 . . . . 38 Message Errors 65 | . . . 4 8 1 5 . 10 12 7 2 8 . . . . 8 Matter Fused 48 | . . . 3 5 5 3 . 4 10 1 4 5 . . . . 8 Heat Flow Errors 26 | . . . 3 1 1 4 . 3 2 2 . 3 . . . . 7 Energy Discharges 22 | . . . 3 2 1 1 . 3 5 4 . . . . . . 3 Parts Rejected 1 | . . . . . . . . . . . . 1 . . . . . Parts Fused 1 | . . . . . . . . . . . 1 . . . . . . Data Loss (minor) 19 | . . . . 2 2 3 . 2 3 . 1 2 . . . . 4 Data Loss (major) 6 | . . . . 1 . 3 . 2 . . . . . . . . . Misfires 9 | . . . 3 2 . . . . . . . . . . . . 4 Alerts 4 | . . . . . 1 1 . . . . . . . . . . 2 Weapon Failures 2 | . . . . . . . . . . . . . . . . . 2 Overload Shots 19 | . . . . . . . . . . . . . . . 1 4 14 Effects 1 | . . . . . . . . . . . . . . . . . 1 Heat Surge 1 | . . . . . . . . . . . . . . . . . 1 Overflow Damage 1468 | . . . 178 . 45 211 . . 314 93 26 83 207 19 . . 292 Projectiles 108 | . . . 20 . . . . . . 8 . . . 19 . . 61 Explosions 77 | . . . 6 . 10 . . . 35 . . . . . . . 26 Melee 1283 | . . . 152 . 35 211 . . 279 85 26 83 207 . . . 205 Knockbacks 2 | . . . 2 . . . . . . . . . . . . . . Impact 2 | . . . 2 . . . . . . . . . . . . . . Kinetic . | . . . . . . . . . . . . . . . . . . Secondary . | . . . . . . . . . . . . . . . . . . Self-Inflicted Damage 286 | . . . 117 . 58 . . . 110 . . . . . . . 1 Shots 7 | . . . 3 . 2 . . . 1 . . . . . . . 1 Rammed 8 | . 1 . . . . 1 . 1 . 3 . 2 . . . . . Targets Rammed 10 | . 1 . . . . 2 . 1 . 3 . 3 . . . . . Kicked . | . . . . . . . . . . . . . . . . . . Crushed 2 | . . . . . . 1 . . . . . 1 . . . . . Highest Temperature 464 | . 40 21 447 232 267 253 222 220 170 248 . 226 . 2 24 . 464 Average Temperature 86 | . 11 7 115 63 93 93 56 60 82 59 . 81 . 2 16 . 137 Received Heat Transfer 3638 | . 189 99 705 45 20 . 196 246 216 109 241 264 83 171 . . 1054 Effects 20 | . . . 13 2 . . 1 . . . . . . . . . 4 Shutdowns 3 | . . . 3 . . . . . . . . . . . . . . Energy Bleed 6 | . . . 4 . . . 1 . . . . . . . . . 1 Interference 5 | . . . 3 2 . . . . . . . . . . . . . Matter Decay 2 | . . . 1 . . . . . . . . . . . . . 1 Short Circuit 2 | . . . . . . . . . . . . . . . . . 2 Damage (minor) 2 | . . . 2 . . . . . . . . . . . . . . Siege Activations . | . . . . . . . . . . . . . . . . . . Robots Corrupted 6 | . . . 6 . . . . . . . . . . . . . . Combat Hostiles 2 | . . . 2 . . . . . . . . . . . . . . Parts Fried 15 | . . . 14 . . . . . . . . . . . . . 1 Impact Corruptions 7 | . . . 6 . 1 . . . . . . . . . . . . Robots Melted . | . . . . . . . . . . . . . . . . . . Combat Hostiles . | . . . . . . . . . . . . . . . . . . Parts Melted 3 | . . . . . . . . . . . . . . . 1 . 2 Heat Transferred 2213 | . . . 992 . . . . . . 123 . . . . 198 . 900 Parts Sabotaged . | . . . . . . . . . . . . . . . . . . Parts Stolen . | . . . . . . . . . . . . . . . . . . Parts Stripped . | . . . . . . . . . . . . . . . . . . Power Chain Reactions 5 | . . . 4 . . . . . . 1 . . . . . . . Alert | -11 -10 -10 -9 -9 -9 -8 -8 -8 -8 -8 -8 -8 -7 -7 -7 -7 -7 ------- Run | Yrd Mat Min Mat Min Exi Min Mat Gar Mat Gar Mat Gar Fac Low Low Zio Dee Peak Influence 1260 | 30 202 87 1260 643 . 145 313 1013 652 854 526 751 456 . . . . Initial 493 | . 19 26 23 483 . . . 30 493 411 416 126 394 . . . . Average 345 | 13 66 26 562 450 . 47 67 661 372 656 388 471 367 . . . . Maximum Alert Level 4 | . 1 . 4 2 . . 1 3 2 3 2 3 2 . . . . Low Security (%) 46 | 100 98 100 28 . . 100 96 8 21 . . 12 . . . . . Level 1 12 | . 1 . 3 43 . . 3 1 41 . 54 18 44 . . . . Level 2 27 | . . . 41 56 . . . 35 37 53 44 53 55 . . . . Level 3 10 | . . . 9 . . . . 53 . 46 . 14 . . . . . Level 4 3 | . . . 17 . . . . . . . . . . . . . . Level 5 . | . . . . . . . . . . . . . . . . . . High Security . | . . . . . . . . . . . . . . . . . . Max Security . | . . . . . . . . . . . . . . . . . . Sterilizations 1 | . . . 1 . . . . . . . . . . . . . . Squads Dispatched 37 | . 4 1 12 . . 1 7 . 5 . 3 . 4 . . . . Investigation 19 | . 3 1 4 . . 1 1 . 3 . 2 . 4 . . . . Extermination . | . . . . . . . . . . . . . . . . . . Reinforcement 12 | . 1 . 5 . . . 3 . 2 . 1 . . . . . . Assault 3 | . . . 3 . . . . . . . . . . . . . . Garrison 3 | . . . . . . . 3 . . . . . . . . . . Intercept . | . . . . . . . . . . . . . . . . . . Searches Triggered . | . . . . . . . . . . . . . . . . . . Construction Impeded 2 | . . . 2 . . . . . . . . . . . . . . Haulers Reinforced . | . . . . . . . . . . . . . . . . . . Active Scanning Responses . | . . . . . . . . . . . . . . . . . . Cargo Convoy Interrupts . | . . . . . . . . . . . . . . . . . . Stealth | -11 -10 -10 -9 -9 -9 -8 -8 -8 -8 -8 -8 -8 -7 -7 -7 -7 -7 --------- Run | Yrd Mat Min Mat Min Exi Min Mat Gar Mat Gar Mat Gar Fac Low Low Zio Dee Distress Signals 21 | . 1 . 8 . . . 3 . 5 . 3 . 1 . . . . Communications Jammed . | . . . . . . . . . . . . . . . . . . Distress Signals . | . . . . . . . . . . . . . . . . . . Times Spotted 342 | . 22 4 76 9 8 10 25 32 36 19 16 30 11 8 7 . 29 Peak Tracking Total 23 | . 4 2 6 3 9 4 4 7 4 5 8 8 5 7 3 . 23 Tactical Retreats 17 | . 1 . 4 1 . 1 1 . 3 2 1 2 . . . . 1 Traps | -11 -10 -10 -9 -9 -9 -8 -8 -8 -8 -8 -8 -8 -7 -7 -7 -7 -7 ------- Run | Yrd Mat Min Mat Min Exi Min Mat Gar Mat Gar Mat Gar Fac Low Low Zio Dee Traps Triggered 26 | . . 2 1 . . . . 8 2 1 1 11 . . . . . Indirectly . | . . . . . . . . . . . . . . . . . . Trap Hack Attempts . | . . . . . . . . . . . . . . . . . . Triggered . | . . . . . . . . . . . . . . . . . . Disarmed . | . . . . . . . . . . . . . . . . . . Reprogrammed . | . . . . . . . . . . . . . . . . . . Reused 2 | . . . 2 . . . . . . . . . . . . . . Traps Extracted . | . . . . . . . . . . . . . . . . . . Installed 5 | . . 2 3 . . . . . . . . . . . . . . Triggered 2 | . . . 2 . . . . . . . . . . . . . . Most Traps Carried 3 | . . 3 3 . . . . . . . . . . . . . . Machines | -11 -10 -10 -9 -9 -9 -8 -8 -8 -8 -8 -8 -8 -7 -7 -7 -7 -7 ---------- Run | Yrd Mat Min Mat Min Exi Min Mat Gar Mat Gar Mat Gar Fac Low Low Zio Dee Machines Disabled 26 | . 5 1 2 2 1 . 1 1 5 1 . 1 . . . 3 3 Max in Single Turn 2 | . 1 1 1 2 1 . 1 1 1 1 . 1 . . . 1 2 Garrison Access 1 | . . . . . . . . . . . . . 1 . . . . Machines Repaired . | . . . . . . . . . . . . . . . . . . Machines Dismantled . | . . . . . . . . . . . . . . . . . . Machines Sabotaged . | . . . . . . . . . . . . . . . . . . Overloaded Fab Kills . | . . . . . . . . . . . . . . . . . . Hacking | -11 -10 -10 -9 -9 -9 -8 -8 -8 -8 -8 -8 -8 -7 -7 -7 -7 -7 --------- Run | Yrd Mat Min Mat Min Exi Min Mat Gar Mat Gar Mat Gar Fac Low Low Zio Dee Machines Accessed 69 | . 9 2 11 . 2 1 11 2 12 2 3 3 8 3 . . . Terminals 48 | . 7 1 7 . . 1 8 2 9 2 2 3 6 . . . . Fabricators 1 | . . . . . . . . . . . . . 1 . . . . Repair Stations 2 | . . . . . . . 2 . . . . . . . . . . Recycling Units 5 | . 2 . 2 . . . . . 1 . . . . . . . . Scanalyzers 3 | . . . 2 . . . . . 1 . . . . . . . . Garrison Access 4 | . . . . . . . 1 . 1 . 1 . 1 . . . . Total Hacks 206 | . 30 5 36 . 2 3 38 5 33 2 11 5 30 6 . . . Successful 130 | . 13 3 22 . 2 1 29 2 22 2 7 2 19 6 . . . Failed 73 | . 17 2 13 . . 2 8 3 11 . 4 3 10 . . . . Catastrophic 5 | . 1 . 1 . . . 1 . 1 . . . 1 . . . . Database Lockouts 3 | . . . 1 . . . 1 . . . . . 1 . . . . Manual 115 | . 21 4 19 . 1 1 24 1 17 . 8 . 18 . . 1 . Terminals 170 | . 28 4 25 . . 3 33 5 28 2 10 5 27 . . . . Fabricators 2 | . . . . . . . . . . . . . 2 . . . . Repair Stations 4 | . . . . . . . 4 . . . . . . . . . . Recycling Units 5 | . 2 . 2 . . . . . 1 . . . . . . . . Scanalyzers 12 | . . . 9 . . . . . 3 . . . . . . . . Garrison Access 4 | . . . . . . . 1 . 1 . 1 . 1 . . . . Terminal Hacks 74 | . 3 3 7 . 2 1 16 2 11 2 4 2 15 6 . . . Record 5 | . . . . . 1 . . . . . . . . 4 . . . Part Schematic 2 | . . . . . . . . . . . . . 2 . . . . Robot Analysis 16 | . . 2 4 . . . 2 . 1 . . . 7 . . . . Prototype ID Bank 11 | . 2 . . . . . 6 . 2 . 1 . . . . . . Open Door 4 | . . 1 . . . . . . . . . 1 . 2 . . . Branch Access Points 2 | . . . . . . . 1 . . . . . 1 . . . . Emergency Access Points 3 | . . . . . . . . 1 . 1 . 1 . . . . . Terminal Index 3 | . . . . . . . 1 . 1 . . . 1 . . . . Repair Station Index 1 | . . . . . . . . . 1 . . . . . . . . Alert Level 2 | . . . . . . . . . . . 1 . 1 . . . . Unreport Threat 9 | . . . . . . . 2 . 4 . 2 . 1 . . . . Locate Traps 8 | . 1 . 2 . . . 3 . . . . . 2 . . . . Recall Investigation 1 | . . . . . . . . . 1 . . . . . . . . Hauler Manifests 1 | . . . 1 . . . . . . . . . . . . . . Zone Layout 3 | . . . . . . 1 1 . 1 . . . . . . . . Garrison Registry 1 | . . . . . . . . . . 1 . . . . . . . Patrol Navigation 1 | . . . . . . . . 1 . . . . . . . . . Derelict Proto ID Bank 1 | . . . . . 1 . . . . . . . . . . . . Fabricator Hacks 1 | . . . . . . . . . . . . . 1 . . . . Network Status 1 | . . . . . . . . . . . . . 1 . . . . Repair Station Hacks 4 | . . . . . . . 4 . . . . . . . . . . Scan Component 2 | . . . . . . . 2 . . . . . . . . . . Repair 2 | . . . . . . . 2 . . . . . . . . . . Recycling Unit Hacks . | . . . . . . . . . . . . . . . . . . Scanalyzer 6 | . . . 4 . . . . . 2 . . . . . . . . Insert Component 3 | . . . 2 . . . . . 1 . . . . . . . . Analyze 3 | . . . 2 . . . . . 1 . . . . . . . . Garrison Access Hacks 4 | . . . . . . . 1 . 1 . 1 . 1 . . . . Unlock Access 3 | . . . . . . . 1 . 1 . 1 . . . . . . Seal Access 1 | . . . . . . . . . . . . . 1 . . . . Unauthorized Hacks 41 | . 10 . 11 . . . 8 . 8 . 2 . 2 . . . . Terminals 32 | . 8 . 7 . . . 8 . 6 . 2 . 1 . . . . Botnet 5 | . 1 . 1 . . . 2 . . . 1 . . . . . . Operators 2 | . . . 1 . . . 1 . . . . . . . . . . Skim 25 | . 7 . 5 . . . 5 . 6 . 1 . 1 . . . . Fabricators 1 | . . . . . . . . . . . . . 1 . . . . Haulers 1 | . . . . . . . . . . . . . 1 . . . . Repair Stations . | . . . . . . . . . . . . . . . . . . Recycling Units 5 | . 2 . 2 . . . . . 1 . . . . . . . . Tunnel 5 | . 2 . 2 . . . . . 1 . . . . . . . . Scanalyzers 3 | . . . 2 . . . . . 1 . . . . . . . . Extract 3 | . . . 2 . . . . . 1 . . . . . . . . Garrison Access . | . . . . . . . . . . . . . . . . . . Data Cores Recovered 4 | . . . . . . . 1 . . . . . 3 . . . . Used 1 | . . . . . . . . . . . . . 1 . . . . Hacking Detections 51 | . 7 1 9 . . 1 9 2 11 . 2 2 7 . . . . Full Trace Events 14 | . 1 1 1 . . 1 . 1 2 . 2 1 4 . . . . Feedback Events . | . . . . . . . . . . . . . . . . . . Feedback Blocked . | . . . . . . . . . . . . . . . . . . Robot Schematics Acquired . | . . . . . . . . . . . . . . . . . . Robots Built . | . . . . . . . . . . . . . . . . . . Authchips . | . . . . . . . . . . . . . . . . . . Time . | . . . . . . . . . . . . . . . . . . Total Robot Build Rating . | . . . . . . . . . . . . . . . . . . Part Schematics Acquired 17 | . . . 13 . . . . . 2 . . . 2 . . . . Parts Built . | . . . . . . . . . . . . . . . . . . Authchips . | . . . . . . . . . . . . . . . . . . Time . | . . . . . . . . . . . . . . . . . . Total Part Build Rating . | . . . . . . . . . . . . . . . . . . Parts Repaired 2 | . . . . . . . 2 . . . . . . . . . . Time 76 | . . . . . . . 76 . . . . . . . . . . Parts Recycled . | . . . . . . . . . . . . . . . . . . Recycled Matter . | . . . . . . . . . . . . . . . . . . Retrieved Matter . | . . . . . . . . . . . . . . . . . . Retrieved Components . | . . . . . . . . . . . . . . . . . . Parts Scanalyzed 3 | . . . 2 . . . . . 1 . . . . . . . . Part Schematics Acquired 3 | . . . 2 . . . . . 1 . . . . . . . . Parts Damaged . | . . . . . . . . . . . . . . . . . . Bothacking | -11 -10 -10 -9 -9 -9 -8 -8 -8 -8 -8 -8 -8 -7 -7 -7 -7 -7 ------------ Run | Yrd Mat Min Mat Min Exi Min Mat Gar Mat Gar Mat Gar Fac Low Low Zio Dee Used RIF Installer . | . . . . . . . . . . . . . . . . . . Robots Hacked . | . . . . . . . . . . . . . . . . . . Non-combat . | . . . . . . . . . . . . . . . . . . Combat . | . . . . . . . . . . . . . . . . . . Robot Hacks Applied . | . . . . . . . . . . . . . . . . . . Relay Couplers Released 8 | . . . . . . . . 4 . . . 4 . . . . . Programmers 8 | . . . . . . . . 4 . . . 4 . . . . . Fabnet Peak Effective % . | . . . . . . . . . . . . . . . . . . Robots Rewired 2 | . . . . . . . . . . . . . . 2 . . . Allies Hacked . | . . . . . . . . . . . . . . . . . . Hacks Repelled . | . . . . . . . . . . . . . . . . . . Allies | -11 -10 -10 -9 -9 -9 -8 -8 -8 -8 -8 -8 -8 -7 -7 -7 -7 -7 -------- Run | Yrd Mat Min Mat Min Exi Min Mat Gar Mat Gar Mat Gar Fac Low Low Zio Dee Total Allies 3 | . . . . . . . . . . . . 1 . 2 . . . Largest Group 2 | . . . . . . . . . . . . 1 1 2 1 . . Highest-Rated Group 40 | . . . . . . . . . . . . 25 25 40 20 . . Highest-Rated Ally 25 | . . . . . . . . . . . . 25 25 20 20 . . Total Orders . | . . . . . . . . . . . . . . . . . . Ally Attacks 4 | . . . . . . . . . . . . . 3 . 1 . . Total Damage 155 | . . . . . . . . . . . . . 99 . 56 . . Kills 1 | . . . . . . . . . . . . . . . 1 . . Allies Corrupted . | . . . . . . . . . . . . . . . . . . Allies Melted . | . . . . . . . . . . . . . . . . . . Intel | -11 -10 -10 -9 -9 -9 -8 -8 -8 -8 -8 -8 -8 -7 -7 -7 -7 -7 ------- Run | Yrd Mat Min Mat Min Exi Min Mat Gar Mat Gar Mat Gar Fac Low Low Zio Dee Robot Analysis Total 15 | . . 2 4 . . . 2 . 1 . . . 6 . . . . Derelict Logs Recovered 6 | . . 1 . 1 . . . . . . . . . 2 . 2 . Drone Launches . | . . . . . . . . . . . . . . . . . . Drone Recoveries . | . . . . . . . . . . . . . . . . . . Exploration | -11 -10 -10 -9 -9 -9 -8 -8 -8 -8 -8 -8 -8 -7 -7 -7 -7 -7 ------------- Run | Yrd Mat Min Mat Min Exi Min Mat Gar Mat Gar Mat Gar Fac Low Low Zio Dee Turns Passed 30368 | 145 2557 1413 3929 1412 887 1506 1322 1981 1737 630 402 1091 563 2236 2858 3278 2421 Spaces Moved 11273 | 63 845 421 1297 543 323 600 409 712 664 228 139 568 372 1066 1008 1172 843 Core 50 | 5 . . . . . . . . . . . . . . . . 45 Treads 9363 | 58 845 421 1297 543 323 600 409 712 664 158 116 140 . 748 1008 1172 149 Legs . | . . . . . . . . . . . . . . . . . . Wheels 1211 | . . . . . . . . . . 70 23 428 372 318 . . . Hover 649 | . . . . . . . . . . . . . . . . . 649 Flight . | . . . . . . . . . . . . . . . . . . Fastest Speed 28 | 50 160 320 240 250 243 243 240 243 243 120 120 120 120 120 233 243 28 Average Speed 238 | 154 269 320 243 250 249 243 243 243 243 205 214 147 120 199 273 258 244 Slowest Speed 625 | 160 320 320 250 250 250 243 320 243 246 243 243 233 120 233 397 323 625 Overloaded Moves . | . . . . . . . . . . . . . . . . . . Propulsion Burnouts . | . . . . . . . . . . . . . . . . . . Robots Hopped . | . . . . . . . . . . . . . . . . . . Cave-ins Triggered . | . . . . . . . . . . . . . . . . . . Exploration Rate (%) 68 | 4 98 97 94 99 52 100 51 77 66 40 18 72 10 97 96 88 81 Regions Visited 17 Branch Regions 8 Pre-discovered Areas 15 | . 3 . 3 1 1 . 1 . 4 . . . . 2 . . . Known Exits Taken 7 | . . . . . . 1 1 . 1 . 1 . 1 1 1 . . Unknown Exits Taken 7 | 1 1 1 1 1 1 . . . . . . . . . . 1 . Scrap Searched 17 | . . 1 . 2 . 2 . . . . . . . 6 2 4 . Spaces Dug 72 | . . . 12 . . . . 7 3 4 . 10 9 . 18 . 9 Terrain Destroyed 290 | . . . 70 . 29 . . 12 69 16 . 10 9 . 19 . 56 Melee 57 | . . . 6 . . . . 7 3 4 . 10 9 . 18 . . Projectile 86 | . . . 1 . . . . 5 42 . . . . . 1 . 37 AOE 147 | . . . 63 . 29 . . . 24 12 . . . . . . 19 Terrain Rammed . | . . . . . . . . . . . . . . . . . . Walls Destroyed . | . . . . . . . . . . . . . . . . . . Machines Disabled . | . . . . . . . . . . . . . . . . . . Actions | -11 -10 -10 -9 -9 -9 -8 -8 -8 -8 -8 -8 -8 -7 -7 -7 -7 -7 --------- Run | Yrd Mat Min Mat Min Exi Min Mat Gar Mat Gar Mat Gar Fac Low Low Zio Dee Total 13640 | 84 1010 465 1749 570 386 631 622 874 759 328 221 753 451 1160 1064 1416 1097 Wait 750 | . 51 4 125 2 . 10 88 66 28 32 22 37 22 25 . 209 29 Move 11255 | 62 844 420 1296 542 322 599 409 709 664 227 139 565 371 1065 1007 1171 843 Hop . | . . . . . . . . . . . . . . . . . . Pick Up 179 | 3 24 9 30 2 9 2 12 4 5 3 8 2 7 16 2 2 39 Fast Attach 106 | 6 3 1 5 . 4 . 9 1 7 2 5 2 4 5 6 6 40 Attach 64 | . . 1 10 1 5 . 2 2 2 . 4 2 . 10 . 4 21 Detach 17 | . 1 . 3 . 3 . . . . . . . . . 1 3 6 Swap 125 | . 5 3 45 4 6 2 7 4 7 3 3 8 2 1 11 8 6 Drop 237 | 1 9 8 45 1 15 2 22 5 16 5 13 2 8 15 10 9 51 Fire 489 | 12 72 17 174 18 4 . 73 38 . 10 . 4 . 1 8 4 54 Melee 307 | . . . 13 . 17 14 . 31 30 43 27 52 37 16 19 . 8 Ram . | . . . . . . . . . . . . . . . . . . Kick . | . . . . . . . . . . . . . . . . . . Crush 10 | . 1 . . . . 2 . 1 . 3 . 3 . . . . . Escape Stasis 89 | . . . . . . . . 13 . . . 76 . . . . . Rewire 6 | . . . . . . . . . . . . . . 6 . . . Trap 5 | . . 2 3 . . . . . . . . . . . . . . Miscellaneous 1 | . . . . . 1 . . . . . . . . . . . . Route ------- -11/Scrapyard -10/Materials (discovered 5 exits: *Mat x3 / *Min / Sub) -10/Mines (discovered 2 exits: *Mat x2) -9/Materials (discovered 4 exits: *Mat x3 / [*Min]) -9/Mines (discovered 4 exits: *Mat x2 / *Exi / *Zio) -9/Exiles -8/Mines (discovered 2 exits: *Mat x2) -8/Materials (discovered 3 exits: Fac x2 / Gar) -8/Garrison (discovered 3 exits: *Mat x3) -8/Materials (discovered 3 exits: *Fac x2 / Gar) -8/Garrison (discovered 3 exits: *Mat x3) -8/Materials -8/Garrison (discovered 3 exits: *Fac x3) -7/Factory (discovered 5 exits: Fac / Sto x2 / *Low x2) -7/Lower Caves -7/Lower Caves -7/Zion (discovered 2 exits: [*Dee] / [*Pro]) -7/Deep Caves (discovered 1 exit: [*Pro]) History --------- Turn | Location | Event 6 | -11/Scrapyard | Discovered new exit (range 15) 146 | -11/Scrapyard | Entered Materials 253 | -10/Materials | Discovered new exit (range 11) 304 | -10/Materials | Build established: Mutant 391 | -10/Materials | Discovered new exit (range 10) 648 | -10/Materials | Discovered new exit (range 15) 1646 | -10/Materials | Derelicts attacked the area 1843 | -10/Materials | Core integrity fell below 50% 2063 | -10/Materials | Learned 4 Recycling zone layouts 2133 | -10/Materials | Learned Storage garrison access intel 2194 | -10/Materials | Learned location of Storage (-7) 2220 | -10/Materials | Discovered new exit (range 7) 2244 | -10/Materials | Learned location of 1 exit from Recycling 2332 | -10/Materials | Identified exit to Subcaves 2392 | -10/Materials | Loaded intel: 8 terminal locations 2703 | -10/Materials | Entered Mines 2731 | -10/Mines | Found DCF Scrap (12 items) 2956 | -10/Mines | Learned Materials terminal intel 3158 | -10/Mines | Met a Derelict who couldn't figure out how to use a Trap Extractor 3166 | -10/Mines | Build established: Scavenger-Mutant 3458 | -10/Mines | Discovered new exit (range 15) 3883 | -10/Mines | Found a hidden stash of uninstalled traps 3926 | -10/Mines | Discovered new exit (range 5) 4116 | -10/Mines | Entered Materials 4116 | -9/Materials | Evolved 2 slots: Propulsion x1, Utility x1 4117 | -9/Materials | Loaded intel: 12 terminal locations 4540 | -9/Materials | Discovered new exit (range 13) 5161 | -9/Materials | Discovered new exit (range 9) 5277 | -9/Materials | Build established: Hacker-Mutant 5309 | -9/Materials | Learned location of 1 exit from Recycling 5360 | -9/Materials | Learned Storage security intel 5382 | -9/Materials | Central database locked down 5402 | -9/Materials | Learned location of 1 exit from Storage 5460 | -9/Materials | Learned 2 Storage zone layouts 5474 | -9/Materials | Identified exit to Materials 5532 | -9/Materials | Learned Storage machine intel 5637 | -9/Materials | Build established: Scavenger-Mutant 6699 | -9/Materials | Core integrity fell below 50% 6916 | -9/Materials | First assault squad dispatched 7175 | -9/Materials | Build established: Mutant 7400 | -9/Materials | Destroyed 9 combat bots 7418 | -9/Materials | Sterilization system engaged 7418 | -9/Materials | Non-combat units ordered to evacuate 7518 | -9/Materials | Combat units ordered to evacuate 7718 | -9/Materials | Ambient heat levels rising (+10) 7868 | -9/Materials | Ambient heat levels rising (+10) 8018 | -9/Materials | Ambient heat levels rising (+10) 8045 | -9/Materials | Entered Mines 8079 | -9/Mines | Met a Derelict bent on vengeance 8117 | -9/Mines | Discovered exit to Materials (range 9) 8317 | -9/Mines | A Derelict revealed a hidden shortcut to a safe place 8413 | -9/Mines | Deemed a non-threat by the Exiles lab entrance 8413 | -9/Mines | Discovered new exit (range 5) 8913 | -9/Mines | Received a Rocket Launcher from a helpful Derelict 9457 | -9/Mines | Entered Exiles 9529 | -9/Exiles | Met 8R-AWN 9569 | -9/Exiles | Met EX-HEX 9646 | -9/Exiles | Met EX-BIN 9679 | -9/Exiles | Aligned with FarCom system 9681 | -9/Exiles | Given EX-Vault access code 9744 | -9/Exiles | Opened EX-Vault 9754 | -9/Exiles | Found Longsword +1 9758 | -9/Exiles | Found AWS/Gauss 9807 | -9/Exiles | Warned to stay clear of 0b10 Research branches 9914 | -9/Exiles | Met EX-DEC 9932 | -9/Exiles | Learned location of Zion (-7) 10153 | -9/Exiles | Attacked by the Exiles 10187 | -9/Exiles | Destroyed 7 combat bots 10200 | -9/Exiles | Destroyed 8R-AWN 10226 | -9/Exiles | Found Prototype Protection 10313 | -9/Exiles | Discovered new exit (range 14) 10344 | -9/Exiles | Stole two prototypes: Longsword +1, AWS/Gauss 10344 | -9/Exiles | Entered Mines 11145 | -8/Mines | Discovered exit to Materials (range 10) 11262 | -8/Mines | Discovered exit to Materials (range 7) 11850 | -8/Mines | Entered Materials 11850 | -8/Materials | Evolved 2 slots: Utility x1, Weapon x1 11939 | -8/Materials | Repaired Minigun 12203 | -8/Materials | Garrison activated, responded to threat 12227 | -8/Materials | Build established: Tank 12630 | -8/Materials | Build established: Hacker-Tank 12907 | -8/Materials | Repaired Arm. Treads 12918 | -8/Materials | Learned 2 Lower Caves zone layouts 12985 | -8/Materials | Learned location of 1 exit from Recycling 13086 | -8/Materials | Learned Recycling recycling unit intel 13121 | -8/Materials | Learned location of 1 exit from Recycling 13130 | -8/Materials | Central database locked down 13160 | -8/Materials | Identified exit to Factory 13172 | -8/Materials | Identified exit to Garrison 13172 | -8/Materials | Entered Garrison 13318 | -8/Garrison | Triggered checkpoint 13357 | -8/Garrison | Triggered checkpoint 13367 | -8/Garrison | Build established: Hacker-Gunner 13399 | -8/Garrison | Destroyed 14 combat bots 13532 | -8/Garrison | Discovered new exit (range 14) 13840 | -8/Garrison | Triggered checkpoint 13930 | -8/Garrison | Build established: Hacker-Mutant 14004 | -8/Garrison | Triggered checkpoint 14086 | -8/Garrison | Triggered checkpoint 14246 | -8/Garrison | Discovered new exit (range 15) 14492 | -8/Garrison | Triggered checkpoint 14700 | -8/Garrison | Discovered new exit (range 14) 14702 | -8/Garrison | Triggered checkpoint 14736 | -8/Garrison | Attempted to access garrison exit controls, blocked by remote lockdown 14935 | -8/Garrison | Attempted to access garrison exit controls, blocked by remote lockdown 15153 | -8/Garrison | Entered Materials 15721 | -8/Materials | Discovered exit to Factory (range 5) 16215 | -8/Materials | Discovered exit to Factory (range 9) 16398 | -8/Materials | Learned 4 Recycling zone layouts 16463 | -8/Materials | Learned 2 Lower Caves zone layouts 16516 | -8/Materials | Learned location of 2 exits from Lower Caves 16558 | -8/Materials | Learned 4 Lower Caves zone layouts 16589 | -8/Materials | Learned 8 Factory zone layouts 16639 | -8/Materials | Learned 2 Storage zone layouts 16739 | -8/Materials | AWS/Gauss suddenly broke down 16789 | -8/Materials | Learned Storage stockpile data 16890 | -8/Materials | Identified exit to Garrison 16890 | -8/Materials | Entered Garrison 17060 | -8/Garrison | Triggered checkpoint 17110 | -8/Garrison | Triggered checkpoint 17166 | -8/Garrison | Build established: Scavenger-Mutant 17314 | -8/Garrison | Discovered new exit (range 13) 17314 | -8/Garrison | Discovered new exit (range 77) 17314 | -8/Garrison | Discovered new exit (range 77) 17520 | -8/Garrison | Entered Materials 17881 | -8/Materials | Build established: Hacker-Mutant 17922 | -8/Materials | Identified exit to Garrison 17922 | -8/Materials | Entered Garrison 18028 | -8/Garrison | Triggered checkpoint 18100 | -8/Garrison | Core integrity fell below 50% 18565 | -8/Garrison | Discovered exit to Factory (range 10) 18576 | -8/Garrison | Attempted to access garrison exit controls, blocked by remote lockdown 18660 | -8/Garrison | Triggered checkpoint 18760 | -8/Garrison | Discovered exit to Factory (range 10) 18772 | -8/Garrison | Attempted to access garrison exit controls, blocked by remote lockdown 18921 | -8/Garrison | Discovered exit to Factory (range 8) 18983 | -8/Garrison | Rescued a captive Derelict 19013 | -8/Garrison | Entered Factory 19013 | -7/Factory | Accompanied by 1 ally 19013 | -7/Factory | Evolved 2 slots: Power x1, Utility x1 19014 | -7/Factory | Identified exit to Storage 19015 | -7/Factory | Identified exit to Factory 19015 | -7/Factory | Identified exit to Lower Caves 19545 | -7/Factory | Central database locked down 19576 | -7/Factory | Entered Lower Caves 19577 | -7/Lower Caves | Identified exit to Lower Caves 19592 | -7/Lower Caves | Met a Warlord Commander 19593 | -7/Lower Caves | Learned location of Warlord (-4) 19594 | -7/Lower Caves | Warlord Commander delivered Encrypted Comm Array 19598 | -7/Lower Caves | Found Encrypted Comm Array 19961 | -7/Lower Caves | Attracted the attention of an 0b10 outpost 20027 | -7/Lower Caves | Lost 5 parts (2p2n1w) 20326 | -7/Lower Caves | Build established: Hacker-Tank 20366 | -7/Lower Caves | Learned Factory terminal intel 20745 | -7/Lower Caves | Identified 8R-AWN's Armor/EX 20958 | -7/Lower Caves | Learned 8 Factory zone layouts 20958 | -7/Lower Caves | Learned 8 Research zone layouts 20958 | -7/Lower Caves | Learned Factory garrison access intel 21033 | -7/Lower Caves | Build established: Tank 21812 | -7/Lower Caves | Entered another Lower Caves area 21812 | -7/Lower Caves | Accompanied by 2 allies 21812 | -7/Lower Caves | Spotted IV-WDL(f) 21813 | -7/Lower Caves | Identified exit to Zion 21814 | -7/Lower Caves | Allies destroyed IV-WDL(f) 22094 | -7/Lower Caves | Attracted the attention of an 0b10 checkpoint 23152 | -7/Lower Caves | Build established: Mutant 23872 | -7/Lower Caves | Build established: Scavenger-Tank 24557 | -7/Lower Caves | Build established: Scavenger-Mutant 24670 | -7/Lower Caves | Entered Zion 24685 | -7/Zion | Learned 4 Factory zone layouts 24712 | -7/Zion | Given the Hacking Drone Bay 24715 | -7/Zion | Found Prototype Device 24796 | -7/Zion | Discovered new exit (range 10) 24909 | -7/Zion | Found Prototype Device 24909 | -7/Zion | Identified Mobile Refinery Mk. CCLXVII 24954 | -7/Zion | Build established: Scavenger-Tank 25912 | -7/Zion | Met Imprinter 25924 | -7/Zion | Identified Hacking Drone Bay 26035 | -7/Zion | Given A8's code to call for help 26363 | -7/Zion | Visited the Megawrench Repair Shop 26369 | -7/Zion | Megawrench repaired 11 parts 26560 | -7/Zion | Learned 4 Factory zone layouts 26680 | -7/Zion | Received a hallucinogenic algorithm 27465 | -7/Zion | Found Prototype Device 27465 | -7/Zion | Identified Bomb Factory No. 2 27938 | -7/Zion | Discovered new exit (range 3) 27938 | -7/Zion | Saw the warning signs outside the Deep Caves entrance 27948 | -7/Zion | Entered Deep Caves 28106 | -7/Deep Caves | Attacked by Z-Imprinter 28134 | -7/Deep Caves | Core integrity fell below 50% 28146 | -7/Deep Caves | Destroyed Z-Imprinter 28187 | -7/Deep Caves | Lost 7 parts (2p3n1u1w) 28274 | -7/Deep Caves | Found Prototype Protection 28274 | -7/Deep Caves | Identified Zio. Weapon Casing 28286 | -7/Deep Caves | Found Prototype Device 28286 | -7/Deep Caves | Identified Zio. Metafield Generator 28563 | -7/Deep Caves | Build established: Scavenger-Mutant 28732 | -7/Deep Caves | Z-Facility disabled 29013 | -7/Deep Caves | Build established: Scavenger-Tank 29206 | -7/Deep Caves | Lost 10 parts (3n3u4w) 29342 | -7/Deep Caves | Found Zio. Weapon Casing 29525 | -7/Deep Caves | Found Prototype Protection 29525 | -7/Deep Caves | Identified Zio. Heavy Carapace 29581 | -7/Deep Caves | Build established: Scavenger-Mutant 30109 | -7/Deep Caves | Discovered new exit (range 6) 30345 | -7/Deep Caves | Spotted AG-86612 30352 | -7/Deep Caves | Exposed GOLEM chamber 30353 | -7/Deep Caves | Triggered Deep Caves wall 30357 | -7/Deep Caves | Core integrity fell below 20% 30369 | -7/Deep Caves | Destroyed by AG-86612 with Assembled Focal Cannon Last Messages --------------- 30359_ 7W-7H2(M) destroyed. 30359_ Zio. Light DM Reactor destroyed. 30360_ Dropped Cryofiber Web. 30361_ Acquired Cryofiber Web. 30362_ Dropped Zio. Biocell. 30363_ Extracted 76 energy. 30364_ Extracted 26 energy. 30364_ Zio. Laser-S destroyed. 30365_ Extracted 11 energy. 30365_ Zio. Glidesys I destroyed. 30366_ Extracted 30 energy. 30366_ Dropped Huge Storage Unit. 30366_ Critical hit (Destroy). 30367_ Extracted 40 energy. 30367_ Dropped 8R-AWN's Armor/EX. 30368_ Extracted 25 energy. 30368_ Dropped Zio. Laser-S. 30368_ Dropped Ripper. 30369_ Extracted 20 energy. 30369_ Imp. Shield Generator destroyed. Map ----- +----------------------------------------------------+ | ????????????????????????????????????# #???## | | ????????????????????????????????????# ##???#### | | ?????????????????? ????????????????## ##?????? | | ???????????????? ??????????????## #?????? | | ???????????????? ????????????## ##????? | | ??????????????? ???##???????# ###### | | ??????????????? ??# ??????## | | ?????????????? ### ??????# | | ??????????????* # ??????# ##### | | ?????????????? * #?????# ## #???# | | ????????????? ?????## #?## #?### | | ????????????? ???######???# ### | | ???????????? *[ b #??## ##????# ## | | ???????????? a* ##?# #????# ## | | ????????????a[ #?# #????# # | | ???????????? a [ ### ##????# | | ???????????aa * ##" ####### | | ??????????? [ * ; " "# | | ?????????? a # # | | ?????????? a aa g #### | | ?????????? aa a #??### ## | | ?????????! s b a ##?### ####### # | | ?????????! * ### #?????# ## | | ????????# * a]!! ## ##????## ## | | ????????" = !!!!! ## ##????# # | | ????????" = = [!!@!]! ## #??### | | ????????" gG |!![! #??# | | ??????????" !!=%! #??# | | ????????? / ## #??# ### | | ?????????" b ####### #### #?# | | ?????????? #?????## ## ##### | | ?????????? ##??????# #??# | | ?????????? # # #???????# #?? | | ??????????? #### ## ## ##???????## #?? | | ??????????? #????# ?# ?###?????????##### ##?? | | ???????????? ??????#??# ??????????????????###??? | | ???????????????????????#???????????????????????? | | | | | | | | | | | | | | | | | | | | | | | | | | | +----------------------------------------------------+ Best States ------------- Heat Dissipation 86 Energy Generation 49 Energy Capacity 780 Matter Stores 300 Matter Capacity 300 Sight Range 16 Terrain Scan Density 10 Base Temperature (-) 100 Armor Coverage 1200 Resistance: KI 30 Resistance: EX 90 Weapon Shielding 100 Weapon Cycling 25 Evasion (%) 59 Core Analysis 9 Recoil Reduction 3 Offensive Hacking 40 Trap Extractor Capacity 4 Item Schematics ----------------- Cooling System | -9/Materials | Extracted Imp. Assault Rifle | -9/Materials | Extracted Arm. Treads | -9/Materials | Scanalyzed Shield Generator | -9/Materials | Scanalyzed ECM Suite | -9/Materials | Extracted Sensor Array | -9/Materials | Extracted Lgt. Assault Rifle | -9/Materials | Extracted Terrain Scanner | -9/Materials | Extracted Imp. Aluminum Leg | -9/Materials | Extracted Lgt. Treads | -9/Materials | Extracted Visual Processing Unit | -9/Materials | Extracted Com. Wheel | -9/Materials | Extracted Hcp. Matter Pod | -9/Materials | Extracted Core Analyzer | -8/Materials | Scanalyzed Hvy. Assault Cannon | -8/Materials | Extracted Proton Cannon | -7/Factory | Hacked Hvy. Laser | -7/Factory | Hacked Robot Schematics ------------------ None Fabricated ------------ Nothing Alien Tech Used ----------------- None Achievements -------------- Ambidextrous Challenges ------------ None Game ------ Seed ComponentPointyActivator Manual? 0 Play Time 02:35:45 Cumulative 210.9 hours Start 2025.04.26 @ 21:00:28 End 2025.04.27 @ 00:09:52 Sessions 1 Manual Loads 0 Difficulty Rogue Special Mode None Game No. 103 Rogue 103 Adventurer 0 Explorer 0 Win Type - Total 0 Types 0/0/0/0/0/0/0/0/0 Lore% 55 Gallery% 73 Achievement% 60 Wizard Run 0 Options --------- Layout 0 ASCII 0 Keyboard 0 Movement Mouse Keybinds 0 Fullscreen 1 Font 24/Smallcaps Map View 183x50 Zoom Use 0% Tactical HUD 1 Map Filters NONE Filters NONE Steam 0 RUN: 3f203b42-046e-45a2-ae05-015eb6a9b06a